Map: Kairos Junction LE

Players

destroyerguy

  • Race: Protoss Protoss
  • Spawn Location: 5:00

DemonSeed - Winner!

  • Race: Terran Terran
  • League: Silver
  • Spawn Location: 11:00

VOD

Have the link to the VOD?

Description

Time

  • Played on: Dec. 30, 2018, 11:13 p.m.
  • Length: 32:30
Show
View Real Time Build Order
Export as new Build Order

destroyerguy Protoss 

Build Orders:  

Get SALT Encoding   

  12  0:05  Probe  
  13  0:17  Probe  
  14  0:26  Pylon  
  14  0:36  Probe  
  15  0:48  Probe  
  16  0:51  Gateway  
  16  0:56  Pylon  
  16  1:00  Probe  
  16  1:03  Assimilator  
  17  1:12  Probe  
  18  1:31  Probe  
  19  1:42  Cybernetics Core  
  19  1:50  Assimilator  
  19  1:52  Probe  
  20  2:02  Zealot  
  20  2:04  Probe  
  23  2:09  Warp Gate  
  23  2:16  Probe  
  23  2:20  Zealot  
  24  2:29  Probe  
  27  2:47  Zealot  
  29  3:14  Zealot  
  29  3:17  Nexus  
  32  4:31  Pylon  
  32  4:39  Pylon  
  32  4:41  Probe  
  32  4:44  Pylon  
  33  4:53  Probe  
  32  5:05  Probe  
  33  5:08  Gateway  
  33  5:10  Gateway  
  33  5:11  Gateway  
  33  5:18  Probe  
  34  5:30  Probe  
  34  5:32  Gateway  
  34  5:34  Gateway  
  35  5:36  Gateway  
  35  5:39  Gateway  
  35  5:42  Probe  
  36  5:50  Probe  
  37  5:59  Probe  
  38  6:11  Probe  
  38  6:17  Probe  
  40  6:24  Probe  
  41  6:27  Stalker x2  
  41  6:28  Stalker x2  
  41  6:29  Stalker  
  41  6:32  Stalker  
  53  6:49  Twilight Council  
  53  6:51  Robotics Facility  
  53  6:56  Probe  
  54  7:06  Pylon  
  54  7:08  Pylon, Probe  
  55  7:10  Stalker, Pylon  
  55  7:11  Stalker  
  55  7:12  Zealot  
  55  7:13  Zealot x3  
  55  7:14  Zealot  
  55  7:15  Pylon  
  69  7:16  Pylon  
  69  7:19  Charge  
  69  7:20  Probe  
  70  7:32  Probe  
  71  7:44  Probe  
  64  8:32  Stalker  
  64  8:33  Stalker x2  
  70  8:35  Zealot x3  
  70  8:36  Zealot  
  78  8:53  Assimilator  
  78  8:55  Assimilator  
  78  8:57  Probe  
  79  9:05  Observer  
  80  9:26  Observer  
  74  9:54  Probe  
  69  10:06  Probe  
  54  10:17  Probe  
  49  10:25  Probe  
  49  10:28  Probe  
  46  10:33  Probe  
  46  10:40  Probe  
  48  10:45  Probe  
  49  10:52  Probe  
  51  10:57  Probe  
  51  11:04  Probe  
  51  11:09  Stalker  
  51  11:10  Stalker x3  
  60  11:12  Zealot x3  
  60  11:16  Probe  
  67  11:27  Forge  
  67  11:33  Forge  
  67  11:34  Observer  
  68  11:55  Observer  
  69  12:01  Probe  
  69  12:08  Protoss Ground Weapons Level 1  
  70  12:09  Protoss Shields Level 1  
  70  12:13  Probe  
  71  12:17  Stalker x3  
  71  12:18  Zealot  
  71  12:19  Zealot x3  
  85  12:26  Probe  
  86  12:31  Gateway  
  86  12:33  Gateway  
  86  12:34  Gateway  
  86  12:36  Gateway  
  86  12:38  Probe  
  86  12:39  Pylon  
  87  12:47  Pylon  
  87  12:50  Pylon  
  46  14:18  Protoss Ground Weapons Level 2  
  46  14:21  Stalker  
  46  14:22  Stalker x3  
  46  14:23  Stalker x2  
  58  14:24  Stalker  
  60  14:38  Probe  
  61  14:50  Probe  
  62  14:57  Shield Battery  
  62  15:02  Probe  
  63  15:15  Probe  
  63  15:17  Probe  
  65  15:25  Probe  
  65  15:27  Probe  
  66  15:35  Probe  
  68  15:47  Probe  
  69  15:59  Probe  
  32  16:42  Stalker x3  
  32  16:43  Stalker x4  
  29  17:08  Stalker x2  
  33  17:18  Stalker  
  35  17:44  Probe  
  36  17:52  Probe  
  37  18:01  Probe  
  38  18:13  Probe  
  39  18:26  Probe x2  
  41  18:34  Probe  
  41  18:35  Nexus  
  41  18:39  Pylon  
  42  18:43  Pylon  
  42  18:44  Probe  
  42  18:47  Pylon  
  43  18:51  Pylon  
  43  18:55  Pylon  
  43  18:56  Probe  
  43  18:57  Pylon  
  43  18:59  Pylon  
  43  19:00  Pylon x2  
  43  19:01  Pylon  
  44  19:03  Pylon  
  44  19:08  Probe  
  45  19:49  Probe  
  45  19:57  Probe  
  46  20:03  Stalker x2  
  46  20:04  Stalker x2  
  55  20:07  Zealot, Probe  
  58  20:18  Protoss Ground Weapons Level 3  
  58  20:19  Probe  
  59  20:31  Probe  
  56  21:07  Stalker x3  
  56  21:08  Stalker  
  59  21:32  Pylon  
  59  21:34  Pylon  
  59  21:37  Pylon  
  51  22:20  Forge  
  51  23:33  Nexus  
  51  23:37  Pylon  
  51  23:38  Pylon  
  51  23:39  Zealot  
  51  23:40  Pylon, Zealot x2  
  57  23:42  Pylon  
  57  23:54  Pylon  
  57  23:57  Pylon  
  57  24:06  Twilight Council  
  57  24:12  Robotics Facility  
  57  24:25  Zealot  
  57  24:26  Zealot x3  
  65  24:46  Pylon  
  65  24:51  Probe  
  65  24:59  Probe  
  66  25:06  Stalker x2  
  71  25:08  Stalker x2, Probe  
  76  25:20  Probe  
  77  25:24  Observer  
  77  25:26  Blink  
  77  25:32  Probe  
  79  25:41  Observer  
  79  25:45  Protoss Shields Level 2, Probe  
  82  25:57  Probe  
  82  26:02  Observer  
  83  26:09  Probe  
  84  26:17  Probe  
  84  26:24  Observer  
  86  26:25  Probe  
  87  26:35  Probe  
  88  26:45  Observer  
  89  26:47  Probe  
  86  26:59  Probe  
  69  27:42  Sentry x5  
  50  28:29  Sentry  
  50  28:30  Sentry x4  
  60  29:08  Zealot x5  
Show
View Real Time Build Order
Export as new Build Order

DemonSeed Terran - Winner!

Build Orders:  

Get SALT Encoding   

  12  0:01  SCV  
  13  0:13  SCV  
  14  0:19  Supply Depot  
  14  0:25  SCV  
  15  0:32  Refinery  
  15  0:43  Supply Depot  
  15  0:45  SCV  
  16  0:57  SCV  
  17  1:04  Barracks  
  17  1:13  Refinery  
  17  1:21  SCV  
  17  1:39  Refinery  
  17  1:46  SCV  
  18  1:53  Barracks  
  18  1:54  Reaper  
  19  2:01  SCV  
  20  2:13  SCV  
  21  2:24  Command Center  
  21  2:27  Reaper  
  22  2:40  Orbital Command  
  22  2:44  Marine  
  22  2:45  Bunker  
  22  4:21  Marine x2  
  22  4:23  Orbital Command  
  24  4:27  Engineering Bay  
  22  4:39  Marine, Supply Depot  
  23  4:52  Factory  
  23  5:02  Supply Depot  
  23  5:07  Barracks Tech Lab  
  23  5:11  SCV  
  24  5:16  Supply Depot  
  24  5:19  Barracks Tech Lab  
  24  5:20  SCV  
  25  5:23  SCV  
  25  5:27  Marauder  
  28  5:33  SCV  
  29  5:41  Missile Turret  
  29  5:48  Marauder  
  31  5:52  Factory Tech Lab, Missile Turret  
  31  5:55  Starport, Marauder  
  33  6:01  SCV x2  
  35  6:10  Marauder  
  37  6:13  SCV x2  
  37  6:17  Marauder  
  41  6:18  Siege Tank  
  44  6:31  Marauder  
  46  6:33  Starport  
  46  6:37  Refinery  
  46  6:40  Command Center  
  46  6:52  SCV  
  47  6:56  SCV  
  47  7:00  Banshee  
  51  7:04  SCV  
  52  7:11  Missile Turret  
  52  7:14  Cloaking Field  
  52  7:17  Barracks Tech Lab  
  52  7:20  SCV  
  53  7:29  Banshee  
  56  7:40  SCV x2, Refinery  
  58  7:50  Banshee  
  61  7:52  SCV x2  
  63  8:01  SCV  
  63  8:04  SCV x2  
  66  8:31  Bunker  
  66  8:34  Engineering Bay  
  66  8:37  Banshee x2  
  72  9:17  Missile Turret  
  60  10:15  Siege Tank  
  57  10:22  Liberator x2  
  63  10:48  Siege Tank  
  66  10:52  Planetary Fortress  
  66  10:58  Bunker  
  66  10:59  Refinery  
  66  11:00  Refinery  
  66  11:02  Marauder  
  68  11:13  Factory  
  68  11:17  Barracks Tech Lab  
  68  11:20  SCV x2  
  68  11:23  Marauder  
  72  11:29  Bunker  
  72  11:31  Sensor Tower  
  72  11:32  SCV x2  
  74  11:33  Missile Turret, Neosteel Armor  
  74  11:44  Fusion Core, SCV  
  75  12:01  Marauder  
  77  12:11  SCV x3  
  80  12:35  Factory Tech Lab  
  80  12:36  Fusion Core  
  80  12:48  Siege Tank  
  80  12:52  Command Center  
  61  13:56  Battlecruiser  
  61  14:01  Cyclone  
  70  14:04  Battlecruiser, Cyclone  
  79  14:33  Cyclone  
  79  14:34  Command Center  
  79  14:36  Siege Tank  
  85  15:00  Battlecruiser  
  85  15:05  Marauder, Siege Tank  
  96  15:08  Stimpack  
  96  15:15  Barracks  
  96  15:18  Marauder  
  98  15:24  SCV  
  98  15:27  Marauder  
  101  15:36  SCV  
  101  15:39  Marauder  
  104  15:44  Refinery x2  
  104  15:48  SCV  
  105  15:54  Refinery  
  74  16:47  SCV  
  75  16:59  SCV  
  76  17:08  Concussive Shells  
  76  17:12  SCV  
  77  17:47  Battlecruiser x2  
  77  17:50  Siege Tank x2  
  77  17:51  Combat Shield  
  95  17:54  SCV  
  96  17:58  Refinery  
  96  18:06  SCV  
  97  18:18  SCV  
  97  18:19  Command Center  
  98  18:22  Siege Tank  
  101  18:30  SCV  
  102  18:36  Weapon Refit  
  102  18:38  Command Center  
  102  18:43  SCV  
  103  18:51  Battlecruiser  
  103  18:55  Barracks Tech Lab  
  109  19:06  Supply Depot  
  109  19:08  Supply Depot x2  
  109  19:28  Marauder x3  
  109  19:30  Supply Depot  
  115  19:33  Supply Depot  
  115  19:50  Marauder x3  
  121  19:53  Supply Depot  
  121  20:11  Marauder  
  123  20:17  Supply Depot  
  123  20:39  Supply Depot  
  120  21:59  Planetary Fortress  
  114  23:21  Planetary Fortress  
  114  23:26  Missile Turret  
  114  23:41  Planetary Fortress  
  114  23:46  Missile Turret  
  114  23:54  Siege Tank x2  
  120  24:16  Marauder  
  122  24:17  Marauder  
  124  24:25  Bunker, Liberator  
  124  24:26  Siege Tank x2, Liberator  
  130  24:37  Marauder  
  132  24:39  Marauder  
  132  24:43  Armory  
  140  24:56  Bunker  
  140  24:58  Marauder, Siege Tank x2  
  140  24:59  Terran Infantry Armor Level 1  
  148  25:08  Liberator  
  148  25:12  Supply Depot  
  148  25:13  Marauder  
  150  25:28  Missile Turret  
  153  25:30  Cyclone x2  
  153  25:35  Supply Depot  
  159  25:56  Sensor Tower  
  159  25:58  Supply Depot  
  159  26:17  SCV  
  160  26:19  Refinery  
  160  26:21  Supply Depot  
  160  26:29  SCV  
  161  26:35  Missile Turret  
  161  26:39  Cyclone  
  164  26:40  Cyclone  
  167  26:56  Missile Turret  
  152  27:13  Supply Depot  
  152  27:14  Supply Depot x2  
  152  27:15  Supply Depot  
  148  27:16  Missile Turret  
  141  27:37  Supply Depot x2  
  141  27:38  Supply Depot  
  135  28:51  Command Center  
  135  28:57  Command Center, Refinery  
  135  29:00  SCV  
  136  29:06  Raven  
  136  29:07  Battlecruiser  
  144  29:12  SCV  
  145  29:49  Battlecruiser  
  129  30:47  Siege Tank  
  129  30:49  Siege Tank  
Tags
 
Add a new tag
Caveats
  • Supply blocks, unpowered buildings, or Contaminate may cause inaccurate times.
  • Supply counts are checked every 10 seconds.